 Dungeon Crawl Stone Soup version 0.22.0-36-g8e74550 (webtiles) character file.

0 glosham the Ducker (level 1, 0/13 HPs)
             Began as a Deep Elf Abyssal Knight on Aug 24, 2018.
             Was a Follower of Lugonu.
             Succumbed to a chaos spawn's poison
             ... on level 1 of the Abyss.
             The game lasted 00:01:42 (95 turns).

glosham the Ducker (Deep Elf Abyssal Knight)          Turns: 95, Time: 00:01:43

Health: 0/13       AC:  3    Str:  9    XL:     1   Next: 0%
Magic:  4/4        EV: 12    Int: 16    God:    Lugonu [*.....]
Gold:   0          SH:  0    Dex: 14    Spells: 0/0 levels left

rFire    . . .     SeeInvis .   a - +1 short sword
rCold    . . .     Gourm    .   (no shield)
rNeg     . . .     Faith    .   b - +0 leather armour
rPois    .         Spirit   .   (no helmet)
rElec    .         Reflect  .   (no cloak)
rCorr    .         Harm     .   (no gloves)
MR       .....                  (no boots)
Stlth    +.........             (no amulet)
HPRegen  0.04/turn              (no ring)
MPRegen  0.09/turn              (no ring)

@: lethally poisoned (0 -> -21)
A: no striking features
a: Depart the Abyss, Renounce Religion


You were on level 1 of the Abyss.
You worshipped Lugonu.
Lugonu was aware of your devotion.
You were not hungry.

You visited 0 branches of the dungeon, and saw 0 of its levels.
You visited the Abyss 1 time.

Inventory:

Hand Weapons
 a - a +1 short sword (weapon)
Armour
 b - a +0 leather armour (worn)
Comestibles
 e - a ration


   Skills:
 - Level 2.4 Fighting
 - Level 2.0 Short Blades
 - Level 0.7 Armour
 - Level 2.4 Dodging
 * Level 0.0 Stealth
 - Level 2.0 Invocations


You couldn't memorise any spells.
You didn't know any spells.
Your spell library was empty.

Dungeon Overview and Level Annotations

Branches:
Dungeon (0/15)

Altars:


Message History

e - a ration Welcome, glosham the Deep Elf Abyssal Knight.
It is said that the Orb of Zot exists deep within this dungeon.
Lugonu says: Depart the Abyss and spread corruption, my servant! (use the ability menu to exit the Abyss) Press ? for a list of commands and other information.
Found a corrupted altar of Lugonu.
Found 11 gold pieces.
A tentacled starspawn comes into view.
Tentacles burst from the starspawn's body! 2 starspawn tentacles come into view.
The starspawn tentacle grabs you. The starspawn tentacle constricts you.
The starspawn tentacle moves out of view.
The starspawn tentacle's grasp on you weakens, but your attempt to escape fails.
The starspawn tentacle loses its grip on you.
The tentacle pulls you backwards! The starspawn tentacle grabs you.
The starspawn tentacle constricts you.
You escape the starspawn tentacle's grasp.
A tentacle flies out from the starspawn's body!
A starspawn tentacle comes into view.
Found a ring mail.
An efreet comes into view. It is wielding a scimitar of flaming.
Found a scroll labeled CIAN PODOCUE.
A chaos spawn comes into view.
The chaos spawn gives a chilling moan.
A worldbinder comes into view.
The worldbinder calls forth creatures from the Lair of Beasts!
Found a jade ring and 6 gold pieces.
Found an ornate altar of the Wu Jian Council.
The chaos spawn gores you!
Ouch! That really hurt!
* * * LOW HITPOINT WARNING * * *
You are lethally poisoned!
The chaos spawn poisons you!
You die...

#. ## #. .. . #.##
## .# ##. # .....#.
##.#.. ..
#.#.$.###=.##.# ##.#
...#......#..#....#.
#......#.# #..#.##
###@.......##...#..
#..#...#.... .# . .
##.4x..# .#.# .....
#..#.#.#.#..#...## #
##.##...## #.. # .
### #.#._#..#### #.
#............#..
#..#.....#. ...##
###..###.... ##


You could see a worldbinder.

Vanquished Creatures (others)
  4 starspawn tentacles (Abyss:1)
4 creatures vanquished.

Notes
Turn   | Place    | Note
-------+----------+-------------------------------------------
     0 | Abyss:1  | glosham the Deep Elf Abyssal Knight began the quest for the Orb.
     0 | Abyss:1  | Reached XP level 1. HP: 13/13 MP: 4/4
    36 | Abyss:1  | Noticed a tentacled starspawn
    54 | Abyss:1  | Noticed an efreet
    81 | Abyss:1  | Noticed a chaos spawn
    82 | Abyss:1  | Noticed a worldbinder
    84 | Abyss:1  | Noticed a blink frog
    89 | Abyss:1  | Found an ornate altar of the Wu Jian Council.
    95 | Abyss:1  | Succumbed to a chaos spawn's poison

Table legend:
 A = Turns spent in this place as a percentage of turns spent in the entire game.
 B = Non-inter-level travel turns spent in this place as a percentage of non-inter-level travel turns spent in the entire game.
 C = Inter-level travel turns spent in this place as a percentage of turns spent in this place.
 D = Turns resting spent in this place as a percentage of non-inter-level travel turns spent in this place.
 E = Turns spent auto-exploring this place as a percentage of non-inter-level travel turns spent in this place.
 F = Non-inter-level travel turns spent in this place divided by the number of levels of this place that you've seen.
                   A       B       C       D       E      F
               +-------+-------+-------+-------+-------+----------------------
         Total | 100.0 | 100.0 |   0.0 |   0.0 |   0.0 |  95.0
         Abyss | 100.0 | 100.0 |   0.0 |   0.0 |   0.0 |  95.0
               +-------+-------+-------+-------+-------+----------------------

Vault maps used:
